 Dungeon Crawl Stone Soup version 0.30-a0-335-ge5acde7520 (webtiles) character file.

Game seed: 11564693926884017150

1409 Lobster4 the Magician (level 8, -2/43 HPs)
             Began as a Deep Elf Air Elementalist on Oct 31, 2022.
             Slain by a manticore (20 damage)
             ... on level 6 of the Dungeon.
             The game lasted 00:21:03 (5573 turns).

Lobster4 the Magician (Deep Elf Air Elementalist)   Turns: 5573, Time: 00:21:04

Health: -2/43      AC: 10    Str:  7    XL:     8   Next: 42%
Magic:  17/19      EV: 16    Int: 23    God:
Gold:   39         SH:  0    Dex: 15    Spells: 16/20 levels left

rFire   . . .      SeeInvis +    a - +8 trident of the Octopus King {venom, rElec rPois}
rCold   + + .      Faith    .    (no shield)
rNeg    . . .      Spirit   .    J - +3 leather armour {rPois}
rPois   +          Reflect  .    (no helmet)
rElec   +          Harm     .    h - +1 cloak
rCorr   .          Rampage  .    (no gloves)
Will    .....                    u - +1 pair of boots
Stlth   ++........               i - amulet of the Several Scars {rC++ Regen+ Str-4 Slay+3 SInv}
HPRegen 1.07/turn                y - +6 ring of strength
MPRegen 0.16/turn                E - +4 ring of evasion

@: spiked
A: no striking features
a: no special abilities


You were on level 6 of the Dungeon.
You visited 2 branches of the dungeon, and saw 7 of its levels.

You collected 189 gold pieces.
You spent 150 gold pieces at shops.

Inventory:

Hand Weapons
 a - the +8 trident of the Octopus King (weapon) {venom, rElec rPois}
   (You found it on level 4 of the Dungeon)

   It poisons the flesh of those it strikes.
   rElec:     It insulates you from electricity.
   rPois:     It protects you from poison.
 b - a +0 sling
 g - the +8 dagger "Zuromot" {freeze, MP+9 Str+2 Int-2}
   (You found it on level 6 of the Dungeon)

   It freezes those it strikes, dealing additional cold damage.
   It can also slow down cold-blooded creatures.
   Str:       It affects your strength (+2).
   Int:       It affects your intelligence (-2).
   MP:        It affects your magic capacity (+9).
 q - a +0 vampiric short sword
Missiles
 l - 8 boomerangs (quivered)
 D - a throwing net
Armour
 d - a +0 robe
 h - a +1 cloak (worn)
 u - a +1 pair of boots (worn)
 J - a +3 leather armour of poison resistance (worn)
Magical Staves
 F - a staff of air
Jewellery
 i - the amulet of the Several Scars (around neck) {rC++ Regen+ Str-4 Slay+3 SInv}
   (You found it on level 6 of the Dungeon)

   [amulet of regeneration]

   Str:       It affects your strength (-4).
   Slay:      It affects your accuracy & damage with ranged weapons and melee
   (+3).
   rC:        It greatly protects you from cold.
   SInv:      It lets you see invisible.
   Regen:     It increases your rate of health regeneration.
 y - a +6 ring of strength (left hand)
 E - a +4 ring of evasion (right hand)
 H - a ring of willpower
Wands
 p - a wand of quicksilver (6)
 I - a wand of flame (23)
Scrolls
 f - 2 scrolls of poison {unknown}
 n - a scroll of magic mapping {unknown}
 o - a scroll of noise {unknown}
 s - a scroll of blinking {unknown}
 v - 5 scrolls of teleportation
 w - a scroll of torment {unknown}
 z - 2 scrolls of enchant weapon {unknown}
 C - 2 scrolls of fog {unknown}
Potions
 c - 2 potions of mutation {unknown}
 e - a potion of berserk rage {unknown}
 j - a potion of resistance {unknown}
 k - 2 potions of cancellation {unknown}
 m - 3 potions of curing
 t - 2 potions of brilliance
 x - 2 potions of magic
 A - a potion of might
 B - a potion of flight
 G - 2 potions of lignification


   Skills:
 + Level 1.3 Fighting
 + Level 1.2 Short Blades
 - Level 2.0 Polearms
 - Level 1.0 Throwing
 + Level 3.2 Armour
 - Level 3.0 Dodging
 - Level 3.0 Stealth
 + Level 6.5 Spellcasting
 + Level 4.7 Conjurations
 + Level 5.4 Air Magic
 - Level 3.0 Evocations


You had 16 spell levels left.
You knew the following spells:

 Your Spells              Type           Power      Damage    Failure   Level
a - Shock                 Conj/Air       100%       1d9       1%          1
b - Swiftness             Air            32%        N/A       3%          3

Your spell library contained the following spells:

 Spells                   Type           Power      Damage    Failure   Level
 Static Discharge         Conj/Air       62%        2-5/arc   2%          2
 Airstrike                Air            16%        2d(3-19)  12%         4


Dungeon Overview and Level Annotations

Branches:
Dungeon (6/15)             Temple (1/1) D:5

Altars:
Ashenzari
Cheibriados
Elyvilon
Fedhas
Hepliaklqana
Kikubaaqudgha
Makhleb
Qazlal
Sif Muna
Uskayaw
Wu Jian
Xom
Yredelemnul

Shops:
D:5 *


Message History

Aiming: Shock (safe; 1% risk of failure)
Press: ? - help, Shift-Dir - straight line, f/p - manticore
Aim: a manticore (lightly wounded, 84% to hit)
The zap hits the manticore.
The manticore is lightly wounded.
You reach to attack!
You barely miss the manticore.
The manticore is lightly wounded.
The manticore flicks its tail.
The volley of spikes hits you!
The barbed spikes become lodged in your body.
You reach to attack!
You hit the manticore but do no damage.
The manticore is lightly wounded.
The manticore flicks its tail.
The volley of spikes misses you.
You reach to attack!
You closely miss the manticore.
The manticore is lightly wounded.
The manticore flicks its tail.
The volley of spikes hits you!
The barbed spikes become lodged in your body.
You puncture the manticore!
The manticore is moderately wounded.
The manticore bites you!
The manticore claws you but does no damage. x2
You completely miss the manticore. Your punch misses the manticore.
The manticore is moderately wounded.
The manticore barely misses you. The manticore completely misses you.
The manticore closely misses you.
You hit the manticore.
The manticore is heavily wounded.
The manticore bites you. The manticore claws you.
The manticore claws you but does no damage.
You puncture the manticore!
The manticore looks as sick as possible!
The manticore is severely wounded.
The manticore closely misses you. The manticore claws you!
* * * LOW HITPOINT WARNING * * *
The manticore barely misses you.
Okay, then.
You feel better. The manticore bites you!!
You die...

##.# ##..##
#.###..## # #.....##
####..>..#
..##....##
.........##
#.........###
#######.....########
###.......@..#
##..#####H.# ####
#..# ## ..... #.##
#.. ..... #.#
#......... #.# #..
.....# #.####.#
#.H.. ##.#..# ...
#...# ##.#


You could see a manticore (extremely poisoned).

Vanquished Creatures
  Prince Ribbit (D:5)
  An ice beast (D:5)
  2 sky beasts
  2 ogres
  Blork the orc (D:5)
  2 scorpions
  5 wights (D:5)
  2 jellies
  Crazy Yiuf (D:5)
  A hound (D:4)
  An orc priest (D:4)
  Natasha (twice) (D:3)
  4 adders
  A white imp (D:4)
  5 worms
  A dart slug (D:2)
  7 orcs
  5 endoplasms
  4 giant cockroaches
  8 goblins
  11 hobgoblins
  3 jackals (D:1)
  8 kobolds
  4 quokkas
  5 ball pythons
  6 bats
  3 frilled lizards
  7 rats
103 creatures vanquished.

Notes
Turn   | Place    | Note
-------+----------+-------------------------------------------
     0 | D:1      | Lobster4 the Deep Elf Air Elementalist began the quest for
                  | the Orb.
     0 | D:1      | Reached XP level 1. HP: 10/10 MP: 6/6
   195 | D:1      | Reached XP level 2. HP: 11/15 MP: 0/8
   781 | D:1      | Reached XP level 3. HP: 19/19 MP: 8/10
  1578 | D:2      | Reached skill level 1 in Short Blades
  2004 | D:3      | Found a snail-covered altar of Cheibriados.
  2121 | D:3      | Reached XP level 4. HP: 24/24 MP: 9/11
  2268 | D:3      | Found a white marble altar of Elyvilon.
  2453 | D:3      | Noticed Natasha
  2456 | D:3      | Killed Natasha
  2492 | D:3      | Learned a level 3 spell: Swiftness
  2561 | D:3      | Found a basalt altar of Yredelemnul.
  2609 | D:3      | Reached skill level 1 in Fighting
  2789 | D:3      | Noticed Natasha
  2805 | D:3      | Killed Natasha
  2806 | D:3      | Reached skill level 4 in Spellcasting
  2806 | D:3      | Reached XP level 5. HP: 19/29 MP: 1/13
  2895 | D:3      | Noticed an ogre
  2910 | D:3      | Killed an ogre
  2911 | D:3      | Reached skill level 1 in Throwing
  2911 | D:3      | Reached skill level 1 in Armour
  2911 | D:3      | Reached skill level 1 in Evocations
  3309 | D:4      | Found a shimmering altar of Xom.
  3310 | D:4      | Found a hazy altar of Hepliaklqana.
  3311 | D:4      | Noticed a spectral ugly thing
  3348 | D:4      | Found the +8 trident of the Octopus King {venom, rElec
                  | rPois}
  3463 | D:4      | Reached XP level 6. HP: 27/34 MP: 10/14
  4140 | D:5      | Entered Level 5 of the Dungeon
  4166 | D:5      | Found a runed translucent door.
  4167 | D:5      | Noticed Crazy Yiuf
  4303 | D:5      | Noticed an ice beast
  4320 | D:5      | Killed an ice beast
  4352 | D:5      | Noticed Prince Ribbit
  4381 | D:4      | Reached skill level 1 in Polearms
  4381 | D:4      | Reached skill level 5 in Spellcasting
  4381 | D:4      | Reached XP level 7. HP: 38/38 MP: 9/16
  4512 | D:5      | Found Jykkaf's General Store.
  4553 | D:5      | Bought a scroll of identify for 20 gold pieces
  4553 | D:5      | Bought a scroll of teleportation for 30 gold pieces
  4554 | D:5      | Bought 2 potions of lignification for 60 gold pieces
  4569 | D:5      | Found a staircase to the Ecumenical Temple.
  4586 | Temple   | Entered the Ecumenical Temple
  4685 | D:5      | Killed Prince Ribbit
  4757 | D:5      | Reached XP level 8. HP: 39/43 MP: 12/18
  4763 | D:5      | Reached skill level 5 in Air Magic
  4823 | D:5      | Reached skill level 6 in Spellcasting
  4911 | D:5      | Noticed Blork the orc
  4922 | D:5      | Killed Blork the orc
  5279 | D:5      | Killed Crazy Yiuf
  5364 | D:5      | Bought a scroll of vulnerability for 40 gold pieces
  5377 | D:6      | Identified the +8 dagger "Zuromot" {freeze, MP+9 Str+2
                  | Int-2}
  5499 | D:6      | Identified the amulet of the Several Scars {rC++ Regen+
                  | Str-4 Slay+3 SInv}
  5546 | D:6      | Noticed a manticore
  5573 | D:6      | Slain by a manticore

Illustrated notes

Levels and vault maps discovered:
D:1:      scummos_arrival_star, layout_rooms, st_stairs_2
D:2:      layout_loops_ring
D:3:      layout_rooms, elyvilon_altar_1, mainiacjoe_overflow_paths,
          mainiacjoe_overflow_six_doors_small, minivault_27, minivault_26,
          minmay_circle_x, uniq_natasha
D:4:      layout_basic, regret_index_temple_of_mockery, wad_floor_pattern_2
D:5:      layout_gridville, minmay_temple_entry_mist,
          hangedman_abyss_or_decor_slice, skrybe_limestone_x, corner_web_ring,
          nicolae_stop_n_shop_2, uniq_crazy_yiuf_cottage, uniq_blork_the_orc,
          uniq_prince_ribbit1
D:6:      layout_layer_cave, mainiacjoe_overflow_alcove_1, serial_shops,
          nicolae_shop_advertising_works [nicolae_subvault_shop_adworks]
Temple:   hellmonk_temple_micro_hex

Skill      XL: |  1  2  3  4  5  6  7  8 |
---------------+-------------------------+-----
Dodging        | 3 |  3.0
Stealth        | 3 |  3.0
Short Blades   | 1 |  1.2
Conjurations   | 2 3 4 |  4.7
Fighting       | 1 |  1.3
Spellcasting   | 4 5 6 |  6.5
Throwing       | 1 |  1.0
Armour         | 1 2 3 |  3.2
Evocations     | 2 3 |  3.0
Air Magic      | 4 5 |  5.4
Polearms       | 1 2 |  2.0

Action                   |  1- 3 |  4- 6 |  7- 9 || total
-------------------------+-------+-------+-------++-------
Melee: Dagger            |     4 |     4 |       ||     8
       Trident           |       |     6 |    20 ||    26
 Cast: Shock             |    99 |   118 |    50 ||   267
       Swiftness         |       |     1 |       ||     1
Evoke: Wand              |       |     1 |     4 ||     5
  Use: Scroll            |       |     3 |     1 ||     4
       Potion            |       |     1 |     2 ||     3
 Stab: Sleeping          |     1 |       |     1 ||     2
Armor: Robe              |     3 |     6 |     1 ||    10
       Leather armour    |       |       |     4 ||     4
Dodge: Dodged            |     4 |    24 |    12 ||    40

Table legend: (Time is in decaauts)
 A = Elapsed time spent in this place.
 B = Non-inter-level travel time spent in this place.
 C = Inter-level travel time spent in this place.
 D = Time resting spent in this place.
 E = Time spent auto-exploring this place.
 F = Levels seen in this place.
 G = Mean time per level.
                   A        B        C        D        E       F      G
               +--------+--------+--------+--------+--------+-----+--------+
         Total |   5561 |   5317 |    244 |    488 |   3901 |   7 |  794.4 |
       Dungeon |   5559 |   5315 |    244 |    488 |   3901 |   6 |  926.5 |
        Temple |      1 |      1 |      0 |      0 |      0 |   1 |    1.0 |
               +--------+--------+--------+--------+--------+-----+--------+

Top non-repeatable levels by time:
     D:5: 1170 daAuts
     D:3: 1129 daAuts
     D:2: 1064 daAuts
     D:4: 1056 daAuts
     D:1: 931 daAuts
     D:6: 206 daAuts
  Temple: 1 daAuts
